AoeStats
← kevin_vanhaltren

Golden Pit

508524156Analyzed
1v1 RM · 9d ago on Sep 22, 2026· 32m 32s· 2 players
Game mode
Random Map
Map size
Tiny (2 player)
Population
200
Speed
Normal
Resources
Standard
Victory
Conquest
Starting age
Dark Age
Ending age
Imperial Age
RankedLock teamsTeams togetherTeam positionsShared explorationLock speedFull tech treeHidden civsTurbo modeCheats
Victory
Defeat
🇺🇸 Poles · United States
573
+10
🇺🇸 Britons · United States
435
-10
kevin_vanhaltren
10:25 Feudal Age
11:22 Double-Bit Axe
20:46 Castle Age
branko1966
9:36 Loom
12:24 Feudal Age
13:30 Double-Bit Axe
13:30 Horse Collar
21:03 Bloodlines
21:46 Scale Barding Armor
21:52 Forging
21:50 Padded Archer Armor
21:41 Fletching
27:54 Castle Age
31:25 Chain Barding Armor
31:42 Iron Casting
Connection lost

Rejoining the realm…

Still unreachable

The connection could not be restored.

Session expired

The server has moved on; the page needs a fresh start.